 Dungeon Crawl Stone Soup version 0.25-a0-829-g4e6a552925 (webtiles) character file.

Game seed: 4201322961703517646, levelgen mode: deterministic

989 DavidChitty2 the Conjurer (level 7, -15/41 HPs)
             Began as a Deep Elf Conjurer on Apr 21, 2020.
             Hit by a boomerang thrown by an orc warrior (18 damage)
             ... on level 6 of the Dungeon.
             The game lasted 00:08:35 (5956 turns).

DavidChitty2 the Conjurer (Deep Elf Conjurer)       Turns: 5956, Time: 00:08:36

Health: -15/41     AC:  6    Str:  6    XL:     7   Next: 98%
Magic:  14/17      EV: 13    Int: 21    God:
Gold:   262        SH:  4    Dex: 15    Spells: 10/17 levels left

rFire    . . .     SeeInvis .   b - +1 long sword
rCold    . . .     Gourm    .   q - +0 buckler
rNeg     . . .     Faith    .   p - +0 leather armour
rPois    .         Spirit   .   (no helmet)
rElec    .         Reflect  .   n - +1 cloak
rCorr    .         Harm     .   (no gloves)
MR       .....                  x - +0 pair of boots
Stlth    ++........             (no amulet)
HPRegen  0.13/turn              (no ring)
MPRegen  0.15/turn              (no ring)

@: no status effects
A: no striking features
a: no special abilities


You were on level 6 of the Dungeon.
You were not hungry.

You visited 1 branch of the dungeon, and saw 6 of its levels.

You collected 262 gold pieces.

Inventory:

Hand Weapons
 a - a +0 dagger
   (You took it off a goblin on level 1 of the Dungeon)
 b - a +1 long sword (weapon)
   (You found it on level 4 of the Dungeon)
Missiles
 d - 2 throwing nets (quivered) {!f}
Armour
 n - a +1 cloak (worn)
   (You found it on level 2 of the Dungeon)
 p - a +0 leather armour (worn)
   (You took it off an orc priest on level 5 of the Dungeon)
 q - a +0 buckler (worn)
   (You found it on level 3 of the Dungeon)
 x - a +0 pair of boots (worn)
   (You found it on level 4 of the Dungeon)
Jewellery
 i - an uncursed ring of wizardry {unknown}
   (You found it on level 5 of the Dungeon)
 k - an uncursed ring of fire
   (You found it on level 2 of the Dungeon)
Wands
 u - a wand of paralysis (3)
   (You found it on level 6 of the Dungeon)
Scrolls
 h - 2 scrolls of enchant weapon
 l - 6 scrolls of remove curse {@r2}
Potions
 c - 2 potions of haste {@q3}
 f - a potion of curing {unknown}
 g - a potion of lignification {!q}
 j - a potion of heal wounds {unknown}
 m - a potion of mutation {unknown}
 o - a potion of ambrosia {unknown}
 r - 2 potions of stabbing {unknown}
 s - a potion of flight
 w - a potion of might
Comestibles
 e - 8 rations {!d}
 t - 2 chunks of flesh


   Skills:
 + Level 3.0 Fighting
 + Level 5.1 Dodging
 - Level 2.4 Stealth
 + Level 2.1 Shields
 + Level 5.8 Spellcasting
 * Level 7.5 Conjurations


You had 10 spell levels left.
You knew the following spells:

 Your Spells              Type           Power        Failure   Level  Hunger
a - Magic Dart            Conj           ####         1%          1    None
s - Searing Ray           Conj           #####.       1%          2    None
x - Iskenderun's Mystic   Conj/Tloc      ###.....     38%         4    ####...

Your spell library contained the following spells:

 Spells                   Type           Power        Failure   Level  Hunger
 Dazzling Flash           Conj/Hex       ###...       13%         3    ##.....
 Fulminant Prism          Conj/Hex       ###.......   38%         4    ####...


Dungeon Overview and Level Annotations

Branches:
Dungeon (6/15)
 Temple: D:4-7

Altars:


Message History

An orc comes into view.
Aim: an orc, wearing a +0 chain mail The magic dart hits the orc but does no damage.
An orc warrior comes into view.
It is wielding a +0 glaive and wearing a +1 plate armour of fire resistance.
Aim: an orc warrior, wielding a +0 glaive, wearing a +1 plate armour of fire resistance and quivering 5 boomerangs The magic dart hits the orc warrior but does no damage.
Aim: an orc warrior, wielding a +0 glaive, wearing a +1 plate armour of fire resistance and quivering 5 boomerangs The magic dart hits the orc warrior.
Aim: an orc warrior, wielding a +0 glaive, wearing a +1 plate armour of fire resistance and quivering 5 boomerangs (lightly wounded)
The magic dart hits the orc but does no damage.
The orc warrior throws a boomerang.
The boomerang barely misses you.
The weapon returns to the orc warrior!
Aim: an orc warrior, wielding a +0 glaive, wearing a +1 plate armour of fire resistance and quivering 5 boomerangs (lightly wounded)
The magic dart hits the orc warrior but does no damage.
The orc shouts!
The orc warrior throws a boomerang.
The boomerang closely misses you.
The weapon returns to the orc warrior!
An orc comes into view. It is wielding a +0 short sword.
Aim: an orc warrior, wielding a +0 glaive, wearing a +1 plate armour of fire resistance and quivering 5 boomerangs (lightly wounded)
The magic dart hits the orc warrior but does no damage.
The orc warrior throws a boomerang.
The boomerang closely misses you.
The weapon returns to the orc warrior!
An orc comes into view. It is wielding a +0 short sword.
You block the orc's attack.
An ogre comes into view. It is wielding a +0 giant club.
The ogre shouts!
The orc shouts!
The orc warrior throws a boomerang.
The boomerang hits you!
The weapon returns to the orc warrior!
An orc comes into view. It is wielding a +0 dagger.
The orc shouts!
You hit the orc. The orc hits you with a +0 short sword.
The orc closely misses you.
You riposte.
You barely miss the orc. You block the ogre's attack.
The orc hits you with a +0 short sword.
The orc throws a boomerang.
The boomerang completely misses you.
The weapon returns to the orc!
The orc barely misses you.
You riposte.
You hit the orc but do no damage. The orc hits you but does no damage.
The orc throws a boomerang.
The boomerang hits you but does no damage.
The weapon returns to the orc!
The orc throws a boomerang.
The boomerang closely misses you.
The weapon returns to the orc!
The orc warrior hits you with a +0 glaive!
* * * LOW HITPOINT WARNING * * *
The orc warrior hits you from afar with a +0 glaive!
* * * LOW HITPOINT WARNING * * *
The orc closely misses you.
The orc warrior throws a boomerang.
The boomerang closely misses you.
The weapon returns to the orc warrior!
The orc warrior throws a boomerang.
The boomerang hits you!!
You die...

#......#...##...##...##....
#......#...##...#######....
#.....##...................
#########...b......<..##..##
#...........##...##...##+# #
#...........##...##...# #
.#.................. .... #
.)................... .##
#..........@###+####+##
##.##oo###+## #o.##...##
#..O.....# #.o......# #.
#..##...## ###'##..##o..####
#........o........
#...........$.....


You could see an orc warrior and an orc.

Vanquished Creatures
  A phantom (D:4)
  An ice beast (D:5)
  2 ogres
  A gnoll sergeant (D:5)
  A crimson imp (D:5)
  2 orc priests (D:5)
  2 orc wizards
  An iguana (D:6)
  4 worker ants
  11 gnolls
  9 adders
  An adder zombie (D:5)
  2 adder skeletons (D:5)
  3 worms
  3 dart slugs (D:1)
  5 leopard geckos
  10 orcs
  3 giant cockroaches
  9 goblins
  6 hobgoblins
  3 jackals (D:1)
  5 kobolds
  3 quokkas
  A ball python (D:2)
  10 bats
  A frilled lizard (D:1)
  6 rats
106 creatures vanquished.

Notes
Turn   | Place    | Note
-------+----------+-------------------------------------------
     0 | D:1      | DavidChitty2 the Deep Elf Conjurer began the quest for the
                  | Orb.
     0 | D:1      | Reached XP level 1. HP: 10/10 MP: 6/6
   478 | D:1      | Reached XP level 2. HP: 16/16 MP: 5/8
   882 | D:1      | Learned a level 2 spell: Searing Ray
  1113 | D:1      | Reached XP level 3. HP: 20/20 MP: 4/9
  1409 | D:2      | Reached skill level 5 in Conjurations
  1507 | D:2      | Reached skill level 1 in Fighting
  2077 | D:2      | Reached XP level 4. HP: 25/25 MP: 5/11
  2568 | D:3      | Reached XP level 5. HP: 29/29 MP: 3/13
  2696 | D:2      | Learned a level 4 spell: Iskenderun's Mystic Blast
  3391 | D:4      | Reached skill level 6 in Conjurations
  3665 | D:4      | Reached XP level 6. HP: 35/35 MP: 5/14
  3783 | D:4      | Reached skill level 1 in Shields
  4235 | D:5      | Entered Level 5 of the Dungeon
  4704 | D:5      | Reached skill level 5 in Spellcasting
  4772 | D:5      | Reached XP level 7. HP: 22/40 MP: 2/16
  5006 | D:5      | Reached skill level 7 in Conjurations
  5189 | D:5      | Reached skill level 5 in Dodging
  5949 | D:6      | HP: 2/41 [orc warrior/+0 glaive (15)]
  5956 | D:6      | Hit by a boomerang thrown by an orc warrior

Levels and vault maps discovered:
D:1:      nicolae_arrival_somewhat_less_tricky_arrival, layout_basic
D:2:      kennysheep_big_flooded_room, layout_loops_ring, first_ration,
          nrook_campfire
D:3:      layout_rooms, grunt_ministairs_13
D:4:      layout_basic, chequers_serial_rivers_micro_e
D:5:      layout_basic, minmay_misc_feat_alley, minmay_holes
D:6:      layout_gridville, minmay_temple_entry_butterflies

Skill      XL: |  1  2  3  4  5  6  7 |
---------------+----------------------+-----
Dodging        | 3 4 5 |  5.1
Conjurations   | 5 6 7 |  7.5
Fighting       | 1 2 3 |  3.0
Spellcasting   | 4 5 |  5.8
Shields        | 1 2 |  2.1
Stealth        | |  2.4

Action                   |  1- 3 |  4- 6 |  7- 9 || total
-------------------------+-------+-------+-------++-------
Melee: Long sword        |       |       |     1 ||     1
 Cast: Magic Dart        |    93 |   167 |    64 ||   324
       Searing Ray       |       |     5 |     1 ||     6
  Use: Scroll            |       |    11 |       ||    11
  Eat: Chunk             |     3 |     8 |     2 ||    13
       Ration            |       |       |     1 ||     1
Armor: Robe              |       |     7 |     1 ||     8
       Leather armour    |       |       |     1 ||     1
Dodge: Dodged            |    13 |    33 |    22 ||    68
Block: Buckler           |       |     5 |     4 ||     9
       Rpst.: Long sword |       |       |     7 ||     7

Table legend:
 A = Non-vault XP
 B = Vault XP
 C = Vault XP percentage of total XP
 D = Non-vault monster count
 E = Vault monster count
 F = Vault count percentage of total count
                 A         B        C        D         E       F
            +---------+---------+-------+---------+---------+-------
      Total |    1385 |      28 |   2.0 |     100 |       6 |   5.7
            +---------+---------+-------+---------+---------+-------
        D:1 |      44 |       0 |   0.0 |      20 |       0 |   0.0
        D:2 |      96 |       6 |   5.9 |      26 |       2 |   7.1
        D:3 |     130 |      22 |  14.5 |      18 |       4 |  18.2
        D:4 |     294 |       0 |   0.0 |      13 |       0 |   0.0
        D:5 |     614 |       0 |   0.0 |      17 |       0 |   0.0
        D:6 |     207 |       0 |   0.0 |       6 |       0 |   0.0
            +---------+---------+-------+---------+---------+-------
